 Dungeon Crawl Stone Soup version 0.26-a0-163-g6c8a0bf695 (console) character file.

Game seed: 15981797665860783926

5186 Garrluk the Covert (level 10, 0/47 HPs)
             Began as a Felid Artificer on July 3, 2020.
             Was an Elder of Ashenzari.
             Succumbed to a spiny frog's poison
             ... on level 1 of the Lair of Beasts.
             The game lasted 01:15:49 (12924 turns).

Garrluk the Covert (Felid Artificer)               Turns: 12924, Time: 01:15:50

Health: 0/47       AC:  2    Str:  8      XL:     10   Next: 34%
Magic:  1/19       EV: 23    Int: 22      God:    Ashenzari [****..]
Gold:   156        SH:  0    Dex: 16 (17) Spells: 13/20 levels left
                                        Lives:  0   Deaths: 3

rFire    . . .     SeeInvis +     - Unarmed
rCold    + . .     Faith    .   (shield unavailable)
rNeg     . . .     Spirit   +   (armour unavailable)
rPois    .         Reflect  .   (helmet unavailable)
rElec    .         Harm     .   (cloak unavailable)
rCorr    .         Clarity  +   (gloves unavailable)
MR       +....                  (boots unavailable)
Stlth    ++++......             j - amulet of guardian spirit (curse)
HPRegen  0.15/turn              g - +6 ring of intelligence
MPRegen  0.16/turn              p - ring of protection from cold (curse)

@: lethally poisoned (0 -> -18), blade paws, quick
A: very small, no armour, no weapons or thrown items, stealth, claws 1, fangs 3,
see invisible, carnivore, deterioration 1, speed 1, shaggy fur 2, slow
metabolism 1
a: End Transformation, Curse Item, Scrying, Renounce Religion


You were on level 1 of the Lair of Beasts.
You worshipped Ashenzari.
Ashenzari was greatly pleased with you.
You were completely stuffed.
You had blades for front paws.
You visited 2 branches of the dungeon, and saw 14 of its levels.

You collected 598 gold pieces.
You spent 442 gold pieces at shops.

Notes
Turn   | Place    | Note
-------+----------+-------------------------------------------
     0 | D:1      | Garrluk the Felid Artificer began the quest for the Orb.
     0 | D:1      | Reached XP level 1. HP: 9/9 MP: 2/2
    57 | D:1      | Reached skill level 2 in Stealth
    61 | D:1      | Reached XP level 2. HP: 8/12 MP: 3/3
   705 | D:1      | Reached XP level 3. HP: 15/15 MP: 4/4
  1040 | D:2      | Reached skill level 3 in Stealth
  1140 | D:2      | Reached XP level 4. HP: 15/19 MP: 5/5
  2367 | D:4      | Reached XP level 5. HP: 22/22 MP: 6/6
  2409 | D:4      | Reached skill level 4 in Stealth
  2527 | D:4      | Gained mutation: You are covered in thick fur. (AC +2)
                  | [Felid growth]
  2527 | D:4      | Reached XP level 6. HP: 12/25 MP: 4/7
  2719 | D:4      | Reached skill level 5 in Dodging
  2719 | D:4      | Reached skill level 5 in Stealth
  2890 | D:5      | Entered Level 5 of the Dungeon
  3015 | D:5      | Found a shimmering altar of Xom.
  3015 | D:5      | Found a faded altar of an unknown god.
  3024 | D:5      | Found a hide-covered altar of Uskayaw.
  3027 | D:5      | Became a worshipper of Ashenzari the Shackled
  3027 | D:5      | Reached * piety under Ashenzari
  3030 | D:5      | Found an iron altar of Okawaru.
  3032 | D:5      | Found a radiant altar of Vehumet.
  3155 | D:5      | Noticed an ice beast
  3903 | D:6      | Noticed Dowan
  3905 | D:6      | Noticed Duvessa
  3906 | D:6      | Killed Dowan
  3906 | D:6      | Reached skill level 5 in Unarmed Combat
  3906 | D:6      | Reached XP level 7. HP: 28/28 MP: 8/8
  3925 | D:6      | Noticed Grinder
  4246 | D:6      | Noticed a death knight
  4246 | D:6      | Noticed a freezing wraith
  4246 | D:6      | Noticed a freezing wraith
  4246 | D:6      | Noticed a freezing wraith
  4610 | D:7      | Reached skill level 6 in Stealth
  4636 | D:7      | HP: 1/28 [orc warrior/+0 mace (15)]
  4637 | D:7      | Slain by an orc warrior
  4638 | D:7      | Reached XP level 6. HP: -3/25 MP: 0/7
  4777 | D:7      | Noticed a hippogriff
  5034 | D:8      | Found Toyrr's Armour Shop.
  5035 | D:8      | Noticed Psyche
  5038 | D:8      | Noticed Maurice
  5092 | D:7      | Reached XP level 7. HP: 28/28 MP: 8/8
  5403 | D:8      | Reached ** piety under Ashenzari
  5403 | D:8      | Noticed a two-headed ogre
  5410 | D:8      | Found Peikus's Food Shoppe.
  5910 | D:9      | Noticed a yak
  5913 | D:9      | Noticed a yak
  5916 | D:9      | Noticed a yak
  5972 | D:10     | Entered Level 10 of the Dungeon
  5982 | D:10     | Reached skill level 7 in Stealth
  5985 | D:10     | Noticed an unseen horror
  6012 | D:10     | Killed an unseen horror
  6012 | D:10     | Reached skill level 8 in Stealth
  6012 | D:10     | Reached XP level 8. HP: 10/33 MP: 4/9
  6019 | D:10     | Found a staircase to the Orcish Mines.
  6231 | D:10     | Noticed Nergalle
  6275 | D:9      | HP: 1/33 [wight/+5 trident (9)]
  6405 | D:8      | Noticed Erica
  6907 | D:9      | Learned a level 2 spell: Sticks to Snakes
  7041 | D:9      | Reached skill level 1 in Transmutations
  7090 | D:9      | Reached XP level 9. HP: 27/39 MP: 10/10
  7208 | D:10     | Killed Nergalle
  7208 | D:10     | Reached skill level 9 in Stealth
  7208 | D:10     | Reached skill level 1 in Spellcasting
  7396 | D:10     | Reached *** piety under Ashenzari
  7399 | D:10     | Found a staircase to the Lair.
  7429 | D:10     | Noticed an elephant
  7580 | D:10     | Reached skill level 5 in Fighting
  7626 | D:10     | Noticed Harold
  7630 | D:10     | Killed Harold
  7630 | D:10     | Reached skill level 10 in Stealth
  7630 | D:10     | Reached skill level 5 in Transmutations
  7926 | D:10     | Reached XP level 10. HP: 33/45 MP: 10/15
  8192 | D:9      | Learned a level 5 spell: Blade Hands
  8799 | D:8      | Killed Maurice
  9273 | D:11     | Reached skill level 11 in Stealth
  9341 | D:10     | Gained mutation: Your body sometimes deteriorates upon
                  | taking damage. [mutagenic glow]
 10080 | D:11     | Found Oges's Distillery.
 10097 | D:11     | Bought a potion of heal wounds for 85 gold pieces
 10097 | D:11     | Bought 2 potions of invisibility for 272 gold pieces
 10097 | D:11     | Bought a potion of heal wounds for 85 gold pieces
 10109 | D:11     | Found Feic's Antique Weapon Boutique.
 10826 | D:12     | Noticed a gargoyle
 10875 | D:12     | Reached XP level 11. HP: 41/49 MP: 12/18
 10910 | D:12     | Found a corrupted altar of Lugonu.
 10996 | D:12     | Reached **** piety under Ashenzari
 11071 | D:12     | Found a gate leading to a gauntlet.
 11259 | D:12     | Noticed a purple ugly thing
 11260 | D:12     | Noticed a cyan ugly thing
 11503 | D:13     | Noticed a cyan ugly thing
 11504 | D:13     | Killed a cyan ugly thing
 11511 | D:13     | Noticed an eight-headed hydra
 11522 | D:13     | Killed an eight-headed hydra
 11522 | D:13     | Reached skill level 5 in Spellcasting
 11935 | D:13     | Noticed a cyan ugly thing
 11937 | D:13     | Killed a cyan ugly thing
 11938 | D:13     | Reached skill level 12 in Stealth
 12092 | D:13     | Slain by a manticore
 12093 | D:13     | Reached XP level 10. HP: -2/47 MP: 0/18
 12093 | D:13     | Noticed a cyan ugly thing
 12389 | D:13     | Slain by a cyclops
 12390 | D:13     | Reached XP level 9. HP: -3/43 MP: 0/18
 12556 | Lair:1   | Entered Level 1 of the Lair of Beasts
 12635 | Lair:1   | Reached XP level 10. HP: 33/47 MP: 9/19
 12661 | Lair:1   | Noticed a spiny frog
 12678 | Lair:1   | Killed a spiny frog
 12727 | Lair:1   | Noticed Fannar
 12904 | Lair:1   | Noticed a spiny frog
 12916 | Lair:1   | Killed Fannar
 12923 | Lair:1   | HP: 2/47 [spiny frog (9)]
 12924 | Lair:1   | Killed a spiny frog
 12924 | Lair:1   | Succumbed to a spiny frog's poison

Inventory:

Missiles
 w - 87 arrows
Jewellery
 e - an uncursed ring of ice
   (You found it on level 1 of the Dungeon)
 g - a +6 ring of intelligence (left scythe-like blade)
   (You found it on level 8 of the Dungeon)
 j - a cursed amulet of guardian spirit (around neck)
   (You found it on level 1 of the Dungeon)
 o - an uncursed ring of resist corrosion
   (You found it on level 1 of the Dungeon)
 p - a cursed ring of protection from cold (right scythe-like blade)
   (You found it on level 1 of the Dungeon)
Wands
 h - a wand of random effects (4)
   (You found it on level 13 of the Dungeon)
 s - a wand of digging (5)
   (You found it on level 10 of the Dungeon)
Scrolls
 c - a scroll of identify
 f - 5 scrolls of amnesia
 i - 5 scrolls of teleportation
 k - 3 scrolls of fog
 l - 3 scrolls of blinking
 n - a scroll of enchant armour
 q - 3 scrolls of enchant weapon
 r - a scroll of magic mapping
 t - a scroll of remove curse
 u - 2 scrolls of fear
 v - a scroll of vulnerability
Potions
 a - 2 potions of brilliance
 x - 2 potions of haste
 z - 3 potions of flight
 A - 5 potions of invisibility
Comestibles
 d - 22 rations

Table legend:
 A = Turns spent in this place as a percentage of turns spent in the entire game.
 B = Non-inter-level travel turns spent in this place as a percentage of non-inter-level travel turns spent in the entire game.
 C = Inter-level travel turns spent in this place as a percentage of turns spent in this place.
 D = Turns resting spent in this place as a percentage of non-inter-level travel turns spent in this place.
 E = Turns spent auto-exploring this place as a percentage of non-inter-level travel turns spent in this place.
 F = Non-inter-level travel turns spent in this place divided by the number of levels of this place that you've seen.
                   A       B       C       D       E      F
               +-------+-------+-------+-------+-------+----------------------
         Total | 100.0 | 100.0 |   3.5 |  27.8 |   2.5 | 890.4
       Dungeon |  97.2 |  97.0 |   3.6 |  27.2 |   2.6 | 930.6
          Lair |   2.8 |   3.0 |   0.0 |  45.1 |   0.0 | 368.0
               +-------+-------+-------+-------+-------+----------------------


   Skills:
 + Level 7.6 Fighting
 + Level 7.6 Dodging
 + Level 12.2 Stealth
 * Level 9.8 Unarmed Combat
 + Level 5.5 Spellcasting
 * Level 9.9(12.0) Transmutations
 - Level 3.7(5.8) Evocations


You had 13 spell levels left.
You knew the following spells:

 Your Spells              Type           Power        Failure   Level  Hunger
a - Sticks to Snakes      Tmut           ######..     7%          2    None
b - Blade Hands           Tmut           ######....   21%         5    #####..

Your spell library contained the following spells:

 Spells                   Type           Power        Failure   Level  Hunger
 Beastly Appendage        Tmut           ######       6%          1    None
 Spider Form              Tmut/Pois      ####......   22%         3    ##.....
 Ice Form                 Ice/Tmut       ####....     41%         4    ####...


Dungeon Overview and Level Annotations

Branches:
Dungeon (13/15)              Lair (1/6) D:10            Orc (0/2) D:10
 Temple: D:4-7       Vaults: D:13-14

Altars:
Ashenzari
Okawaru
Uskayaw
Vehumet
Xom
Lugonu

Shops:
D:8 [%   D:11 (!

Annotations:
D:6 Duvessa, Grinder
D:8 Erica, Psyche


Innate Abilities, Weirdness & Mutations

You cannot wear armour.
You are incapable of wielding weapons or throwing items.
Your paws allow you to move quietly. (Stealth)
You have sharp claws.
You have razor-sharp teeth.
You have supernaturally acute eyesight. (SInv)
You are carnivorous and can eat meat at any time.
You cover ground quickly.
You are covered in thick fur. (AC +2)
You have a slow metabolism.
((Your sharp claws are effective at attacking unaware monsters.))
Your body sometimes deteriorates upon taking damage.


Message History

The ice beast disappears in a puff of smoke! x2
The spiny frog barely misses you. The komodo dragon closely misses you.
You slice the spiny frog!!
The spiny frog is severely wounded.
The spiny frog stings you!
* * * LOW HITPOINT WARNING * * *
Your body deteriorates!
You feel clumsy.
Casting: Blade Hands (quite dangerous; 21% risk of failure)
Confirm with . or Enter, or press ? or * to list all spells.
You create 3 snakes!
You now have 87 arrows.
The spiny frog stings you!
* * * LOW HITPOINT WARNING * * *
You are lethally poisoned!
The spiny frog poisons you! The komodo dragon bites your adder!
Your adder dies!
Okay, then.
You slash the spiny frog!
You kill the spiny frog!
You feel your intelligence returning.
You die...

#........####..P..
#.........##..##..
#.........##...#..
#.....)...>.?.#...
#.........######..
#.........# ###
#SlS...$.##
#.†......#
#@######## ###


You could see a komodo dragon and 2 friendly adders.

Table legend:
 A = Kills in this place as a percentage of kills in entire the game.
 B = Kills by you in this place as a percentage of kills by you in the entire game.
 C = Kills by friends in this place as a percentage of kills by friends in the entire game.
 D = Other kills in this place as a percentage of other kills in the entire game.
 E = Experience gained in this place as a percentage of experience gained in the entire game.
 F = Experience gained in this place divided by the number of levels of this place that you have seen.
                   A       B       C       D       E      F
               +-------+-------+-------+-------+-------+----------------------
         Total | 100.0 | 100.0 | 100.0 |   N/A | 100.0 | 1509.1
       Dungeon |  95.6 |  95.4 | 100.0 |   N/A |  87.4 | 1420.3
          Lair |   4.4 |   4.6 |   0.0 |   N/A |  12.6 | 2664.0
               +-------+-------+-------+-------+-------+----------------------

Vanquished Creatures
  Monster Symbol All '5'
  A quasit (D:12)
  A shadow imp (D:7)
  An ufetubus (D:7)
3 creatures vanquished. All '9' A gargoyle (D:12)
1 creature vanquished. All '@' Harold (D:10) Maurice (D:8)
2 creatures vanquished. All 'C' A cyclops (D:13)
1 creature vanquished. All 'D' A hydra (D:13) An acid dragon (D:13)
2 creatures vanquished. All 'F' 2 spiny frogs (Lair:1) 5 bullfrogs
7 creatures vanquished. All 'H' A manticore (D:12) A hippogriff (D:13)
2 creatures vanquished. All 'J' A jelly (D:9)
1 creature vanquished. All 'K' A kobold demonologist (D:12) A big kobold (D:9) 5 kobolds
7 creatures vanquished. All 'O' 3 ogres
3 creatures vanquished. All 'P' 2 fungi (Lair:1)
2 creatures vanquished. All 'S' A water moccasin (Lair:1) 7 adders 5 ball pythons
13 creatures vanquished. All 'T' A troll (D:13)
1 creature vanquished. All 'W' A shadow (D:13) 3 hungry ghosts (D:12) 2 phantoms
6 creatures vanquished. All 'Y' 13 yaks A sky beast (D:9) 3 ice beasts
17 creatures vanquished. All 'Z' A wyvern zombie (D:11) 4 centaur zombies A bullfrog zombie (D:8) A bullfrog skeleton (D:4) 5 centaur skeletons A killer bee zombie (D:7) 2 adder skeletons A ball python skeleton (D:4) A quokka skeleton (D:8)
17 creatures vanquished. All 'a' 12 worker ants
12 creatures vanquished. All 'b' 3 bats (D:1)
3 creatures vanquished. All 'c' 6 centaurs
6 creatures vanquished. All 'e' Fannar (Lair:1) Dowan (D:6)
2 creatures vanquished. All 'g' 3 gnolls (D:2) 7 goblins 7 hobgoblins
17 creatures vanquished. All 'h' 2 black bears 6 wolves (Lair:1) 3 howler monkeys 4 hounds 11 jackals
26 creatures vanquished. All 'l' A wyvern (D:11) A basilisk (D:10) An iguana (D:10) 7 leopard geckos 7 frilled lizards
17 creatures vanquished. All 'n' 2 necrophages
2 creatures vanquished. All 'o' Nergalle (D:10) An orc warrior (D:10) 6 orc priests 5 orc wizards 34 orcs
47 creatures vanquished. All 'r' 4 quokkas 5 rats
9 creatures vanquished. All 's' 3 scorpions 3 giant cockroaches
6 creatures vanquished. All 't' 2 crocodiles
2 creatures vanquished. All 'u' 2 ugly things (D:13)
2 creatures vanquished. All 'w' 5 worms 2 dart slugs
7 creatures vanquished. All 'x' An unseen horror (D:10)
1 creature vanquished. All 'z' 9 wights
9 creatures vanquished.
253 creatures vanquished. Monster Nature Uniques Fannar (Lair:1) Harold (D:10) Nergalle (D:10) Maurice (D:8) Dowan (D:6)
5 creatures vanquished. Natural Monsters A hydra (D:13) An unseen horror (D:10) 2 ugly things (D:13) A manticore (D:12) A cyclops (D:13) 2 spiny frogs (Lair:1) A kobold demonologist (D:12) A troll (D:13) A hippogriff (D:13) A wyvern (D:11) A basilisk (D:10) 13 yaks An acid dragon (D:13) A water moccasin (Lair:1) An orc warrior (D:10) A sky beast (D:9) 2 black bears 6 wolves (Lair:1) 3 ice beasts 3 ogres 6 centaurs 2 crocodiles A big kobold (D:9) 5 bullfrogs 3 scorpions 3 howler monkeys 4 hounds A jelly (D:9) 6 orc priests 5 orc wizards An iguana (D:10) 12 worker ants 3 gnolls (D:2) 7 adders 5 worms 2 dart slugs 7 leopard geckos 34 orcs 3 bats (D:1) 3 giant cockroaches 7 goblins 7 hobgoblins 11 jackals 4 quokkas 5 ball pythons 7 frilled lizards 5 kobolds 5 rats
208 creatures vanquished. Non-Living Monsters A gargoyle (D:12)
1 creature vanquished. Undead Monsters A shadow (D:13) 3 hungry ghosts (D:12) 2 phantoms 2 necrophages A wyvern zombie (D:11) 9 wights 4 centaur zombies A bullfrog zombie (D:8) A bullfrog skeleton (D:4) 5 centaur skeletons A killer bee zombie (D:7) 2 adder skeletons A ball python skeleton (D:4) A quokka skeleton (D:8)
34 creatures vanquished. Demonic Monsters A quasit (D:12) A shadow imp (D:7) An ufetubus (D:7)
3 creatures vanquished. Plants 2 fungi (Lair:1)
2 creatures vanquished.
253 creatures vanquished. Ascending Order Fannar (Lair:1) Harold (D:10) A hydra (D:13) Nergalle (D:10) An unseen horror (D:10) A manticore (D:12) A cyclops (D:13) Maurice (D:8) A gargoyle (D:12) A kobold demonologist (D:12) A troll (D:13) A hippogriff (D:13) A shadow (D:13) A wyvern (D:11) A basilisk (D:10) An acid dragon (D:13) A water moccasin (Lair:1) An orc warrior (D:10) A sky beast (D:9) A big kobold (D:9) A wyvern zombie (D:11) Dowan (D:6) A bullfrog zombie (D:8) A quasit (D:12) A jelly (D:9) A bullfrog skeleton (D:4) An iguana (D:10) A killer bee zombie (D:7) A shadow imp (D:7) An ufetubus (D:7) A ball python skeleton (D:4) A quokka skeleton (D:8) 2 ugly things (D:13) 2 spiny frogs (Lair:1) 2 phantoms 2 black bears 2 necrophages 2 crocodiles 2 adder skeletons 2 dart slugs 2 fungi (Lair:1) 3 hungry ghosts (D:12) 3 ice beasts 3 ogres 3 scorpions 3 howler monkeys 3 gnolls (D:2) 3 giant cockroaches 3 bats (D:1) 4 centaur zombies 4 hounds 4 quokkas 5 bullfrogs 5 centaur skeletons 5 orc wizards 5 worms 5 kobolds 5 ball pythons 5 rats 6 wolves (Lair:1) 6 centaurs 6 orc priests 7 adders 7 leopard geckos 7 hobgoblins 7 goblins 7 frilled lizards 9 wights 11 jackals 12 worker ants 13 yaks 34 orcs
253 creatures vanquished.

Action                   |  1- 3 |  4- 6 |  7- 9 | 10-12 || total
-------------------------+-------+-------+-------+-------++-------
Melee: Unarmed           |    75 |   154 |   259 |   300 ||   788
       Bite              |     5 |    13 |    27 |    28 ||    73
       Punch             |       |     2 |     5 |     8 ||    15
 Cast: Blade Hands       |       |       |     2 |    12 ||    14
       Sticks to Snakes  |       |       |       |    28 ||    28
Invok: Curse Item        |       |       |     2 |       ||     2
       Scrying           |       |       |       |     1 ||     1
Evoke: Wand              |    21 |    37 |    14 |    28 ||   100
  Use: Potion            |       |     5 |     2 |     5 ||    12
       Scroll            |       |     2 |     5 |    16 ||    23
 Stab: Sleeping          |     7 |     8 |    18 |    20 ||    53
       Paralysed         |       |     2 |     4 |       ||     6
       Confused          |       |     1 |       |       ||     1
       Invisible         |       |     1 |     2 |       ||     3
       Distracted        |       |       |     3 |     9 ||    12
  Eat: Chunk             |     7 |     9 |    16 |    30 ||    62
       Ration            |       |       |       |     1 ||     1
Armor: Skin              |     1 |     4 |    11 |    11 ||    27
Dodge: Dodged            |    61 |   131 |   253 |   220 ||   665
